 Dungeon Crawl Stone Soup version 0.30.1-11-g7821555f0a (webtiles) character file.

Game seed: 3104068271415564299

933 KyoPewz the Covert (level 7, -1/36 HPs)
             Began as a Vampire Enchanter on Jan 6, 2024.
             Slain by Duvessa
             ... wielding a +3 short sword of electrocution
              (20 damage)
             ... on level 6 of the Dungeon.
             The game lasted 00:12:50 (3979 turns).

KyoPewz the Covert (Vampire Enchanter)              Turns: 3979, Time: 00:12:51

Health: -1/36      AC:  2    Str:  7    XL:     7   Next: 86%
Magic:  1/10       EV: 12    Int: 17    God:
Gold:   114        SH:  0    Dex: 17    Spells: 2/10 levels left

rFire   . . .        g - +4 dagger
rCold   + + .        (no shield)
rNeg    + + +        b - +0 robe
rPois   ∞            (no helmet)
rElec   .            (no cloak)
rCorr   .            (no gloves)
SInv    +            (no boots)
Will    .....        (no amulet)
Stlth   +++++++      W - ring of wizardry
HPRegen 0.00/turn    E - ring of flight
MPRegen 0.12/turn

%: wizardry (x1)
@: flying, bloodless, inhibited regen
A: bloodless, fangs 3, see invisible, vampiric 2
a: Bat Form, Revivify


You were on level 6 of the Dungeon.
You visited 1 branch of the dungeon, and saw 6 of its levels.

You collected 191 gold pieces.
You spent 77 gold pieces at shops.

Inventory:

Hand Weapons
 g - a +4 dagger (weapon)
Missiles
 f - 67 stones (quivered)
 i - 18 poisoned darts
 t - 4 boomerangs
Armour
 b - a +0 robe (worn)
Magical Staves
 n - a staff of cold
Jewellery
 w - an amulet of faith
 D - a ring of ice
 E - a ring of flight (right hand)
 W - a ring of wizardry (left hand)
Wands
 x - a wand of light (8)
 y - a wand of iceblast (6)
Scrolls
 a - 4 scrolls of blinking {unknown}
 d - a scroll of butterflies {unknown}
 e - 2 scrolls of enchant armour {unknown}
 h - 6 scrolls of identify {unknown}
 j - a scroll of immolation {unknown}
 k - a scroll of enchant weapon {unknown}
 l - 2 scrolls of fear {unknown}
 o - 2 scrolls of vulnerability {unknown}
 r - a scroll of fog {unknown}
 v - 2 scrolls of amnesia {unknown}
 z - a scroll of acquirement {unknown}
 A - a scroll of magic mapping {unknown}
Potions
 c - 4 potions of invisibility
 m - a potion of brilliance {unknown}
 p - 2 potions of heal wounds {unknown}
 q - 4 potions of curing
 s - a potion of haste {unknown}
 u - 2 potions of might {unknown}
 B - a potion of cancellation {unknown}
 C - a potion of mutation {unknown}


   Skills:
 + Level 5.6 Short Blades
 - Level 2.1 Dodging
 - Level 11.0 Stealth
 - Level 2.0 Spellcasting
 - Level 6.0 Hexes
 - Level 2.0 Ice Magic


You had 2 spell levels left.
You knew the following spells:

 Your Spells              Type           Power      Damage    Failure   Level
a - Ensorcelled Hibernat  Hex/Ice        30%        N/A       2%          2
b - Confusing Touch       Hex            22%        N/A       1%          3
c - Tukima's Dance        Hex            22%        N/A       1%          3

Your spell library contained the following spells:

 Spells                   Type           Power      Damage    Failure   Level
 Magic Dart               Conj           4%         1d3       8%          1
 Call Imp                 Summ           2%         N/A       12%         2
 Dazzling Flash           Conj/Hex       22%        N/A       7%          3
 Portal Projectile        Hex/Tloc       22%        N/A       7%          3
 Gell's Gravitas          Tloc           1%         N/A       22%         3
 Mephitic Cloud           Conj/Pois/Air  1%         N/A       22%         3
 Teleport Other           Tloc           1%         N/A       22%         3
 Blade Hands              Tmut           0%         N/A       88%         5
 Dispersal                Tloc           0%         N/A       100%        6


Dungeon Overview and Level Annotations

Branches:
Dungeon (6/15)
 Temple: D:4-7

Altars:
Fedhas
Okawaru
Sif Muna
Wu Jian

Shops:
D:2 ![*

Annotations:
D:6 Duvessa


Innate Abilities, Weirdness & Mutations

You do not regenerate when monsters are visible.
You are frail without blood (-20% HP).
You can heal yourself when you bite living creatures.
You are immune to poison.
You have razor-sharp teeth.
You have supernaturally acute eyesight. (SInv)
You are afflicted with vampirism and can become a bat while bloodless.


Message History

You hear a shout!
There is a stone staircase leading up here.
Found an escape hatch in the floor.
There is an escape hatch in the floor here.
You hear a shout!
You hear a shout!
Duvessa is nearby!
Casting: Ensorcelled Hibernation (safe; 2% risk of failure)
Confirm with . or Enter, or press ? or * to list all spells.
Aiming: Tukima's Dance (safe; 1% risk of failure)
Press: ? - help, Shift-Dir - straight line, f - Duvessa
Aim: Duvessa, wielding a +3 short sword of electrocution and wearing a +0 chain mail (berserk, chance to affect: 37%) Duvessa easily resists.
You now have 7/10 mp.
Casting: Tukima's Dance (safe; 1% risk of failure)
Confirm with . or Enter, or press ? or * to list all spells.
Aiming: Tukima's Dance (safe; 1% risk of failure)
Press: ? - help, Shift-Dir - straight line, f/p - Duvessa
Aim: Duvessa, wielding a +3 short sword of electrocution and wearing a +0 chain mail (berserk, chance to affect: 37%) Duvessa easily resists.
You now have 4/10 mp.
Casting: Tukima's Dance (safe; 1% risk of failure)
Confirm with . or Enter, or press ? or * to list all spells.
Aiming: Tukima's Dance (safe; 1% risk of failure)
Press: ? - help, Shift-Dir - straight line, f/p - Duvessa
Aim: Duvessa, wielding a +3 short sword of electrocution and wearing a +0 chain mail (berserk, chance to affect: 37%) Duvessa easily resists.
Duvessa closely misses you.
You now have 1/10 mp.
Casting: Tukima's Dance (safe; 1% risk of failure)
Confirm with . or Enter, or press ? or * to list all spells.
You don't have enough magic to cast this spell.
Unknown command.
You hit Duvessa.
Duvessa is lightly wounded.
Duvessa hits you with a +3 short sword of electrocution.
You are electrocuted!
You take 17 damage, and have 19/36 hp.
MASSIVE DAMAGE!!
Duvessa hits you with a +3 short sword of electrocution!!
Ouch! That really hurt!
You die...

####..##.#
#........##.#
#.).e<......#
###
#.##..####...
..# . ....#
#.# ......# #
#.# #.###.#
##.## #^# #.
...
.....##.#####
# ..##
#.#...@....#.#
..#
#......e.....#
######.###.###
#....>.# #
#.###### #.#
#<# #.# #.#


You could see Duvessa (berserk).

Vanquished Creatures
  An ice beast (D:4)
  3 scorpions
  2 wights (D:5)
  Dowan (D:6)
  A howler monkey (D:5)
  3 hounds (D:5)
  Jessica (D:2)
  Terence (D:2)
  An iguana (D:5)
  An orc wizard (D:4)
  A sleepcap (D:4)
  6 adders
  A shadow imp (D:5)
  2 worms
  2 dart slugs
  4 orcs (D:4)
  9 ball pythons
  4 endoplasms
  A giant cockroach (D:4)
  8 hobgoblins
  12 jackals
  4 quokkas
  8 bats
  6 frilled lizards
  11 goblins
  5 kobolds
  2 rats
101 creatures vanquished.

Vanquished Creatures (collateral kills)
  2 wights (D:5)
2 creatures vanquished.

Grand Total: 103 creatures vanquished

Notes
Turn   | Place    | Note
-------+----------+-------------------------------------------
     0 | D:1      | KyoPewz the Vampire Enchanter began the quest for the Orb.
     0 | D:1      | Reached XP level 1. HP: 13/13 MP: 3/3
   107 | D:1      | Reached XP level 2. HP: 15/15 MP: 5/5
   115 | D:1      | Learned a level 2 spell: Ensorcelled Hibernation
   150 | D:1      | You fall into a shaft and drop 1 floor!
   153 | D:2      | Found Raesypt's General Store.
   233 | D:2      | Reached skill level 1 in Ice Magic
   233 | D:2      | Gained mutation: You are afflicted with vampirism and can
                  | become a bat while bloodless. [Vampire growth]
   233 | D:2      | Reached XP level 3. HP: 19/19 MP: 6/6
   246 | D:2      | Found Tuifadiw's Distillery.
   249 | D:2      | Bought a potion of degeneration for 11 gold pieces
   294 | D:2      | Noticed Jessica
   426 | D:1      | Found a faded altar of an unknown god.
   665 | D:2      | Found Junteun's Antique Armour Boutique.
   690 | D:2      | Killed Jessica
   691 | D:2      | Reached XP level 4. HP: 24/24 MP: 7/7
   732 | D:2      | Noticed Terence
   736 | D:2      | Killed Terence
   788 | D:2      | Reached skill level 5 in Hexes
   969 | D:2      | Found an ornate altar of the Wu Jian Council.
  1207 | D:2      | Bought 2 potions of curing for 66 gold pieces
  1373 | D:3      | Reached XP level 5. HP: 28/28 MP: 8/8
  1439 | D:3      | Found a shimmering blue altar of Sif Muna.
  2009 | D:4      | Learned a level 3 spell: Confusing Touch
  2013 | D:4      | Learned a level 3 spell: Tukima's Dance
  2069 | D:4      | Reached skill level 5 in Stealth
  2098 | D:4      | Reached skill level 6 in Stealth
  2098 | D:4      | Reached XP level 6. HP: 17/32 MP: 6/9
  2412 | D:4      | Noticed an ice beast
  2479 | D:4      | Killed an ice beast
  2480 | D:4      | Reached skill level 7 in Stealth
  2703 | D:5      | Entered Level 5 of the Dungeon
  2712 | D:5      | Reached skill level 8 in Stealth
  2847 | D:5      | Reached skill level 9 in Stealth
  2847 | D:5      | Reached XP level 7. HP: 32/36 MP: 0/10
  2946 | D:5      | Reached skill level 10 in Stealth
  3258 | D:5      | Reached skill level 11 in Stealth
  3681 | D:5      | Found an iron altar of Okawaru.
  3717 | D:5      | Found a blossoming altar of Fedhas.
  3749 | D:5      | Reached skill level 5 in Short Blades
  3859 | D:6      | Noticed Dowan
  3861 | D:6      | Noticed Duvessa
  3862 | D:6      | Killed Dowan
  3979 | D:6      | Slain by Duvessa

Illustrated notes

Levels and vault maps discovered:
D:1:      dpeg_arrival_simpleton_b, layout_rooms, basic_ecumenical_altar,
          st_stairs_8
D:2:      layout_basic, basic_altar, serial_shops, nicolae_shop_real_fake_doors,
          nicolae_shop_behind_doors, shop, uniq_jessica, uniq_terence
D:3:      layout_rooms, mainiacjoe_overflow_cross_hatched, serial_corexii_hall,
          corexii_hall_statues_s, chequers_hall_statues_wall_a,
          chequers_hall_statues_y, corexii_hall_statues_x,
          chequers_hall_statues_corner_a, chequers_hall_statues_y,
          minmay_pentangle
D:4:      layout_basic, hangedman_abyss_or_decor_passed, minivault_11
D:5:      layout_gridville, mainiacjoe_overflow_six_doors_small,
          marbit_many_paths
D:6:      layout_loops_ring, grunt_temple_overflow_open, serial_shops, shop,
          uniq_menkaure, uniq_duvessa

Skill      XL: |  1  2  3  4  5  6  7 |
---------------+----------------------+-----
Short Blades   | 2 3 4 5 |  5.6
Ice Magic      | 1 2 |  2.0
Hexes          | 5 6 |  6.0
Stealth        | 6 9 11 | 11.0
Dodging        | |  2.1
Spellcasting   | |  2.0

Action                     |  1- 3 |  4- 6 |  7- 9 || total
---------------------------+-------+-------+-------++-------
  Melee: Dagger            |    50 |   145 |    24 ||   219
         Bite              |     3 |    15 |       ||    18
         Punch             |     1 |     1 |       ||     2
   Cast: Ensorcelled Hiber |     2 |    12 |     3 ||    17
         Confusing Touch   |       |     2 |       ||     2
         Tukima's Dance    |       |     3 |     6 ||     9
Ability: Exsanguinate      |     1 |       |       ||     1
   Stab: Sleeping          |    16 |    23 |     7 ||    46
         Confused          |       |     3 |       ||     3
 Armour: Robe              |    11 |    16 |     1 ||    28
  Dodge: Dodged            |    29 |    72 |    10 ||   111
